 Dungeon Crawl Stone Soup version 0.26-a0-712-ga5a9c9c9d0 (webtiles) character file.

Game seed: 2121350265352961034

19 kae the Ruffian (level 2, -3/25 HPs)
             Began as a Naga Transmuter on Nov 3, 2020.
             Slain by a gnoll
             ... wielding a +0 spear
              (6 damage)
             ... on level 2 of the Dungeon.
             The game lasted 00:00:30 (1408 turns).

kae the Ruffian (Naga Transmuter)                   Turns: 1408, Time: 00:00:31

Health: -3/25      AC:  1    Str: 11 (12) XL:     2   Next: 75%
Magic:  4/5        EV: 10    Int: 10 (13) God:
Gold:   44         SH:  0    Dex:  9 (11) Spells: 4/5 levels left

rFire    . . .     SeeInvis +     - Unarmed
rCold    . . .     Faith    .   (no shield)
rNeg     . . .     Spirit   .   a - +0 robe
rPois    +         Reflect  .   (helmet currently unavailable)
rElec    .         Harm     .   (no cloak)
rCorr    .         Rampage  .   (no gloves)
MR       .....                  (no barding)
Stlth    +.........             (no amulet)
HPRegen  0.08/turn              (no ring)
MPRegen  0.09/turn              (no ring)

@: appendages, very slow
A: large, horns 2, see invisible, deformed body, poison resistance, slowness 2,
spit poison 1, AC +0
a: Spit Poison, End Transformation


You were on level 2 of the Dungeon.
You had grown temporary horns.
You visited 1 branch of the dungeon, and saw 2 of its levels.

You collected 44 gold pieces.

Inventory:

Armour
 a - a +0 robe (worn)
Jewellery
 e - a +6 ring of intelligence {unknown}
Scrolls
 d - a scroll of teleportation {unknown}
 f - a scroll of fog {unknown}
Potions
 b - 2 potions of degeneration
 c - a potion of flight {unknown}
 g - a potion of haste {unknown}


   Skills:
 - Level 1.0 Fighting
 - Level 1.5 Dodging
 + Level 3.3 Unarmed Combat
 - Level 2.0 Spellcasting
 * Level 2.9 Transmutations


You had 4 spell levels left.
You knew the following spells:

 Your Spells              Type           Power        Failure   Level
a - Beastly Appendage     Tmut           #.....       10%         1

Your spell library contained the following spells:

 Spells                   Type           Power        Failure   Level
 Wereblood                Tmut           #.......     14%         2
 Spider Form              Tmut/Pois      #.........   45%         3
 Ice Form                 Ice/Tmut       #.......     86%         4
 Blade Hands              Tmut           #.........   95%         5


Dungeon Overview and Level Annotations

Branches:
Dungeon (2/15)

Altars:

Annotations:
D:2 1 runed translucent door, Crazy Yiuf


Innate Abilities, Weirdness & Mutations

You cannot wear boots.
Your serpentine skin is tough. (AC +0)
You have supernaturally acute eyesight. (SInv)
Armour fits poorly on your strangely shaped body.
Your system is resistant to poisons. (rPois)
You cover ground very slowly.
You can spit poison.
You have a pair of horns on your head.


Message History

The leopard gecko is severely wounded.
The adder hisses angrily.
The gnoll hits you from afar with a +0 spear.
The leopard gecko barely misses you.
A gnoll comes into view. It is wielding a +0 spear.
The kobold hits you.
* * * LOW HITPOINT WARNING * * *
You closely miss the leopard gecko. Your headbutt misses the leopard gecko.
The leopard gecko is severely wounded.
The leopard gecko barely misses you. The gnoll closely misses you.
Okay, then.
It was a potion of degeneration.
There was something very wrong with that liquid.
You feel weakened.
You feel dopey.
You feel clumsy. The leopard gecko bites you.
* * * LOW HITPOINT WARNING * * *
The kobold hits you.
* * * LOW HITPOINT WARNING * * *
The gnoll hits you from afar with a +0 spear.
You die...

######## .......#.#
.####.##.# .# #.##.#
.####.##.##############
...##.##.#.............
##.##.##.#.##.....S#####
......##.#.#....@Kg...g.
......##.#.#.....l..#...
.............†...>......
.#.#...#.#.####.#...#.##
.#.#...#.#.# ......# #
.#.#...#.#.# ##.....#
.#.#.....#.# ......#
...#..#..#.# ..#.#.#
......#..#..


You could see 2 gnolls, an adder, a leopard gecko and a kobold.

Vanquished Creatures
  A dart slug (D:2)
  2 giant cockroaches (D:2)
  2 goblins (D:1)
  2 hobgoblins
  2 jackals (D:1)
  3 kobolds (D:1)
  A bat (D:2)
  A frilled lizard (D:2)
  A rat (D:2)
15 creatures vanquished.

Notes
Turn   | Place    | Note
-------+----------+-------------------------------------------
     0 | D:1      | kae the Naga Transmuter began the quest for the Orb.
     0 | D:1      | Reached XP level 1. HP: 18/18 MP: 3/3
   482 | D:1      | Reached XP level 2. HP: 14/25 MP: 3/5
  1145 | D:2      | Found a runed translucent door.
  1146 | D:2      | Noticed Crazy Yiuf
  1408 | D:2      | Slain by a gnoll

Illustrated notes

Levels and vault maps discovered:
D:1:      minmay_arrival_radiant_lines, layout_basic, serial_park_tiny_2,
          hangedman_decor_opposing
D:2:      layout_basic, uniq_crazy_yiuf_cottage

Action                   || total
-------------------------++-------
Melee: Unarmed           ||    38
       Headbutt          ||     5
 Cast: Beastly Appendage ||    13
 Abil: Spit Poison       ||     5
  Use: Potion            ||     1
Armor: Robe              ||     7
Dodge: Dodged            ||    25

Table legend: (Time is in decaauts)
 A = Elapsed time spent in this place.
 B = Non-inter-level travel time spent in this place.
 C = Inter-level travel time spent in this place.
 D = Time resting spent in this place.
 E = Time spent auto-exploring this place.
 F = Levels seen in this place.
 G = Mean time per level.
                   A        B        C        D        E       F      G
               +--------+--------+--------+--------+--------+-----+--------+
         Total |   1729 |   1717 |     12 |      2 |   1584 |   2 |  864.5 |
       Dungeon |   1729 |   1717 |     12 |      2 |   1584 |   2 |  864.5 |
               +--------+--------+--------+--------+--------+-----+--------+

Top non-repeatable levels by time:
     D:1: 1253 daAuts
     D:2: 475 daAuts
